 Dungeon Sprint DCSS version 0.30.1-4-g462c640d31 (webtiles) character file.

Game seed: 17121267683648173603

4347 Heoruswealwe the Severer (level 10, -3/104 HPs)
             Began as a Hill Orc Fighter on Aug 22, 2023.
             Was an Elder of Trog.
             Splashed by a jelly's acid (9 damage)
             ... in the Dungeon (Sprint I: "Red Sonja").
             The game lasted 00:11:03 (1025 turns).

Heoruswealwe the Severer (Hill Orc Fighter)         Turns: 1025, Time: 00:11:03

Health: -3/104     AC: -16   Str: 24    XL:     10   Next: 34%
Magic:  10/10      EV:  9    Int:  8    God:    Trog [****..]
Gold:   499        SH:  7    Dex: 10    Spells: 9/9 levels left

rFire   . . .        a - +0 war axe
rCold   . . .        d - +0 buckler
rNeg    . . .        c - +0 chain mail
rPois   .            g - +1 hat
rElec   .            h - +0 cloak
rCorr   .            (no gloves)
SInv    .            (no boots)
Will    .....        (no amulet) Stlth
                     (no ring)
HPRegen 0.37/turn    (no ring)
MPRegen 0.12/turn

%: no teleportation
@: corroded
A: no striking features
a: Renounce Religion, Berserk, Trog's Hand, Brothers in Arms


You were in the Dungeon.
You worshipped Trog.
Trog was greatly pleased with you.
You visited 1 branch You collected 797 gold pieces.
You spent 298 gold pieces at shops.

Inventory:

Hand Weapons
 a - a +0 war axe (weapon)
Armour
 c - a +0 chain mail (worn)
 d - a +0 buckler (worn)
 g - a +1 hat (worn)
 h - a +0 cloak (worn)
Wands
 k - a wand of digging (5)
Scrolls
 b - a scroll of fog {unknown}
 j - a scroll of blinking
 l - 2 scrolls of identify {unknown}
 n - a scroll of amnesia {unknown}
Potions
 e - a potion of curing
 p - a potion of ambrosia {unknown}


   Skills:
 + Level 14.7 Fighting
 + Level 15.6 Axes
 + Level 13.5 Armour
 + Level 13.5 Shields


You had 9 spell levels left.
You didn't know any spells.
Your spell library was empty.

Dungeon Overview and Level Annotations

Branches:
Dungeon (1/1)

Altars:
Cheibriados
Dithmenos
Elyvilon
Fedhas
Gozag
Hepliaklqana
Kikubaaqudgha
Makhleb
Nemelex Xobeh
Okawaru
Qazlal
Ru
Sif Muna
Trog
Uskayaw
Vehumet
Wu Jian
Xom
Yredelemnul
Zin
The Shining One
Jiyva
Lugonu

Shops:
D *[


Message History

You kill the jelly!
Trog accepts your kill.
You hit the jelly but do no damage.
Your hands burn!
You hit the jelly but do no damage.
Your hands burn!
The jelly closely misses you. You block the jelly's attack.
You hit the jelly but do no damage.
Your hands burn!
You hit the jelly but do no damage.
Your hands burn!
* * * LOW HITPOINT WARNING * * *
The jelly hits you.
* * * LOW HITPOINT WARNING * * *
You are splashed with acid!
* * * LOW HITPOINT WARNING * * *
The jelly hits you.
* * * LOW HITPOINT WARNING * * *
You are splashed with acid!
* * * LOW HITPOINT WARNING * * *
You feel much better. The jelly barely misses you. The jelly hits you.
The acid corrodes you!
You are splashed with acid!
You feel better. The jelly barely misses you. The jelly hits you.
You are splashed with acid.
* * * LOW HITPOINT WARNING * * *
You hit the jelly but do no damage.
Your hands burn!
* * * LOW HITPOINT WARNING * * *
You hit the jelly.
Your hands burn!
* * * LOW HITPOINT WARNING * * *
You slash the jelly!
Your hands burn!
* * * LOW HITPOINT WARNING * * *
The jelly is almost dead.
You hit the jelly but do no damage.
Your hands burn!
* * * LOW HITPOINT WARNING * * *
The jelly hits you.
* * * LOW HITPOINT WARNING * * *
You are splashed with acid!
* * * LOW HITPOINT WARNING * * *
You block the jelly's attack. As you open the door, it creaks loudly!
You block the jelly's attack. The jelly hits you.
* * * LOW HITPOINT WARNING * * *
You are splashed with acid!
You die...

__##'#_.+~~)§.+..#
=!.†..._#~§)..#..#
__##_.#'##+#####'###
__###+#)#.).[###.+.#
### ####[###.###.#
+.....'.∩##.#
###########.#
#....nJJ##§#
#....nJJ@§§#
#'''######§# #...
#.# #... +.# |n...
### $..... .......
##..~~~


You could see 2 necrophages and 4 jellies.

Vanquished Creatures
  2 centaur warriors (D)
  A deep troll (D)
  An oklob plant (D)
  2 unseen horrors (D)
  2 kobold demonologists (D)
  A hornet (D)
  A slime creature (D)
  Sigmund (D)
  A yak (D)
  2 redbacks (D)
  A floating eye (D)
  An ogre (D)
  3 jellies (D)
  Ijyb (D)
20 creatures vanquished.

Notes
Turn   | Place    | Note
-------+----------+-------------------------------------------
     0 | D        | Heoruswealwe the Hill Orc Fighter began the quest for the
                  | Orb.
     0 | D        | Reached XP level 1. HP: 19/19 MP: 1/1
     1 | D        | Noticed Ijyb
    12 | D        | Killed Ijyb
    13 | D        | Reached skill level 4 in Axes
    13 | D        | Reached XP level 2. HP: 10/28 MP: 2/2
    13 | D        | Reached XP level 3. HP: 12/35 MP: 3/3
   103 | D        | Noticed an ogre
   106 | D        | Killed an ogre
   107 | D        | Reached skill level 6 in Axes
   107 | D        | Reached XP level 4. HP: 36/45 MP: 4/4
   175 | D        | Noticed Sigmund
   191 | D        | Killed Sigmund
   192 | D        | Reached skill level 8 in Axes
   192 | D        | Reached XP level 5. HP: 29/53 MP: 5/5
   192 | D        | Reached XP level 6. HP: 34/61 MP: 6/6
   282 | D        | Found a burning altar of Makhleb.
   282 | D        | Found a viscous altar of Jiyva.
   282 | D        | Found a shimmering altar of Xom.
   282 | D        | Found a corrupted altar of Lugonu.
   282 | D        | Noticed a slime creature
   292 | D        | Killed a slime creature
   293 | D        | Reached skill level 9 in Axes
   293 | D        | Reached XP level 7. HP: 49/70 MP: 7/7
   367 | D        | Found an ornate altar of the Wu Jian Council.
   367 | D        | Found a shimmering blue altar of Sif Muna.
   369 | D        | Found a radiant altar of Vehumet.
   373 | D        | Reached skill level 10 in Axes
   396 | D        | Found Toiraich's Assorted Antiques.
   396 | D        | Found an ancient bone altar of Kikubaaqudgha.
   396 | D        | Found a hazy altar of Hepliaklqana.
   396 | D        | Found a stormy altar of Qazlal.
   396 | D        | Found a hide-covered altar of Uskayaw.
   396 | D        | Found a blossoming altar of Fedhas.
   396 | D        | Found a bloodstained altar of Trog.
   396 | D        | Found an iron altar of Okawaru.
   396 | D        | Found a basalt altar of Yredelemnul.
   396 | D        | Found a glowing golden altar of the Shining One.
   396 | D        | Found a snail-covered altar of Cheibriados.
   396 | D        | Found a sacrificial altar of Ru.
   396 | D        | Found a glowing silver altar of Zin.
   396 | D        | Found a shadowy altar of Dithmenos.
   396 | D        | Found a white marble altar of Elyvilon.
   396 | D        | Noticed a yak
   401 | D        | Killed a yak
   402 | D        | Reached skill level 10 in Fighting
   402 | D        | Found an opulent altar of Gozag.
   403 | D        | Found a sparkling altar of Nemelex Xobeh.
   413 | D        | Became a worshipper of Trog the Wrathful
   415 | D        | Bought a scroll labelled SORRUE FIAL for 20 gold pieces
   415 | D        | Bought a silver ring for 100 gold pieces
   415 | D        | Bought a scroll labelled OSOET VALUYHOC for 20 gold pieces
   415 | D        | Bought an embroidered hat for 140 gold pieces
   415 | D        | Bought a murky white potion for 18 gold pieces
   449 | D        | Noticed a kobold demonologist
   450 | D        | Noticed a kobold demonologist
   459 | D        | Noticed an ice devil
   459 | D        | Killed a kobold demonologist
   459 | D        | Reached * piety under Trog
   460 | D        | Reached skill level 11 in Axes
   460 | D        | Reached skill level 10 in Armour
   460 | D        | Reached skill level 10 in Shields
   460 | D        | Reached XP level 8. HP: 79/82 MP: 8/8
   463 | D        | Killed a kobold demonologist
   464 | D        | Reached skill level 12 in Axes
   480 | D        | Noticed a centaur warrior
   480 | D        | Noticed a centaur warrior
   494 | D        | Killed a centaur warrior
   494 | D        | Reached ** piety under Trog
   495 | D        | Reached skill level 13 in Axes
   495 | D        | Reached XP level 9. HP: 37/91 MP: 9/9
   497 | D        | Killed a centaur warrior
   498 | D        | Reached skill level 14 in Axes
   707 | D        | Noticed a deep troll
   715 | D        | Killed a deep troll
   734 | D        | Found Oxuats's Armour Emporium.
   757 | D        | Noticed a hornet
   763 | D        | Killed a hornet
   776 | D        | Noticed an oklob plant
   786 | D        | Killed an oklob plant
   786 | D        | Reached *** piety under Trog
   787 | D        | Reached skill level 15 in Axes
   787 | D        | Reached XP level 10. HP: 80/103 MP: 10/10
   889 | D        | Killed an unseen horror
   890 | D        | Killed an unseen horror
   890 | D        | Reached **** piety under Trog
  1025 | D        | Splashed by a jelly's acid

Illustrated notes

Levels and vault maps discovered:
D:        dungeon_sprint_1 [red_sonja_temple_1, red_sonja_temple_small_1]

Skill      XL: |  1  2  3  4  5  6  7  8  9 |
---------------+----------------------------+-----
Fighting       | 4 6 8 9 11 12 14 | 14.7
Axes           | 4 6 8 9 11 13 15 | 15.6
Armour         | 4 6 7 8 10 11 13 | 13.5
Shields        | 4 6 7 8 10 11 13 | 13.5

Action                     |  1- 3 |  4- 6 |  7- 9 | 10-12 || total
---------------------------+-------+-------+-------+-------++-------
  Melee: War axe           |    11 |    18 |    56 |    31 ||   116
  Evoke: Wand              |     1 |       |       |       ||     1
    Use: Potion            |     1 |       |     3 |     2 ||     6
 Armour: Scale mail        |     1 |     7 |    25 |       ||    33
         Chain mail        |       |       |     3 |    17 ||    20
  Dodge: Dodged            |     6 |     3 |    23 |     9 ||    41
  Block: Buckler           |     2 |     1 |    13 |    13 ||    29
